 Dungeon Crawl Stone Soup version 0.26.1-11-gd32895ea62 (webtiles) character file.

Game seed: 7803457678027605364

2590 bnorton916 the Frost Mage (level 9, -3/55 (57) HPs)
             Began as a Barachi Ice Elementalist on July 8, 2021.
             Was a Priest of Cheibriados.
             Slain by a two-headed ogre
             ... wielding a +0 giant club
              (27 damage)
             ... on level 8 of the Dungeon.
             The game lasted 00:17:07 (10003 turns).

bnorton916 the Frost Mage (BaIE)                   Turns: 10003, Time: 00:17:08

HP:   -3/55 (57)    AC: 16    Str: 19    XL:     9   Next: 58%
MP:   12/16         EV: 16    Int: 25    God:    Cheibriados [***...]
Gold: 335           SH:  0    Dex: 24    Spells: 2/17 levels left

rFire    . . .     SeeInvis .   y - +3 trident
rCold    . . .     Faith    .   (no shield)
rNeg     . . .     Spirit   .   v - +2 robe of Ofeliusoph {Dex+3}
rPois    .         Reflect  .   (no helmet)
rElec    .         Harm     .   G - +1 cloak
rCorr    +         Rampage  .   (no gloves)
Will     +....                  H - +0 pair of boots
Stlth    ++........             (no amulet)
HPRegen  0.18/turn              i - ring of resist corrosion
MPRegen  0.15/turn              l - ring of willpower

@: icy armour, lightly drained, very slow
A: +LOS, swims, slowness 1, strong legs 1
a: Hop, Renounce Religion, Bend Time, Temporal Distortion


You were on level 8 of the Dungeon.
You worshipped Cheibriados.
Cheibriados was most pleased with you.
You visited 2 branches of the dungeon, and saw 9 of its levels.

You collected 433 gold pieces.
You spent 98 gold pieces at shops.

Inventory:

Hand Weapons
 y - a +3 trident (weapon)
 z - a +1 scythe of venom
 I - a cursed +2 falchion
Missiles
 d - 193 stones (quivered)
Armour
 u - a +0 ring mail of fire resistance
 v - the +2 robe of Ofeliusoph (worn) {Dex+3}
   (You found it on level 4 of the Dungeon)

   It affects your dexterity (+3).
 x - a +0 leather armour of poison resistance
 G - a +1 cloak (worn)
 H - a +0 pair of boots (worn)
Jewellery
 i - a ring of resist corrosion (left hand)
 l - a ring of willpower (right hand)
 A - an uncursed ring of ice {unknown}
 J - an uncursed ring of protection from cold {unknown}
Wands
 f - a wand of flame (14)
 F - a wand of polymorph (9)
Scrolls
 a - 3 scrolls of magic mapping
 g - 2 scrolls of fog
 j - 2 scrolls of teleportation
 k - a scroll of enchant weapon
 q - 4 scrolls of immolation
 s - 3 scrolls of enchant armour
 w - a scroll of fear
 B - a scroll of noise {unknown}
 D - 2 scrolls of remove curse
 E - a scroll of random uselessness {unknown}
 K - 2 scrolls of identify
Potions
 b - 3 potions of lignification
 c - a potion of magic
 e - a potion of heal wounds
 h - 5 potions of curing
 n - 2 potions of brilliance
 o - 3 potions of might
 p - a potion of resistance
 r - a potion of ambrosia
 C - a potion of mutation


   Skills:
 + Level 4.1 Armour
 - Level 5.0 Dodging
 - Level 1.7 Stealth
 - Level 4.7 Spellcasting
 + Level 6.0 Conjurations
 + Level 6.5 Summonings
 + Level 9.7 Ice Magic


You had 2 spell levels left.
You knew the following spells:

 Your Spells              Type           Power        Failure   Level
a - Freeze                Ice            100%         1%          1
b - Frozen Ramparts       Ice            100%         1%          3
c - Ozocubu's Armour      Ice            53%          1%          3
d - Hailstorm             Conj/Ice       45%          3%          4
e - Summon Ice Beast      Ice/Summ       46%          3%          4

Your spell library contained the following spells:

 Spells                   Type           Power        Failure   Level
 Summon Small Mammal      Summ           100%         1%          1
 Animate Skeleton         Necr           10%          9%          1
 Apportation              Tloc           10%          9%          1
 Corona                   Hex            5%           9%          1


Dungeon Overview and Level Annotations

Branches:
Dungeon (8/15)             Temple (1/1) D:5
   Lair: D:8-11

Altars:
Cheibriados
Dithmenos
Elyvilon
Fedhas
Gozag
Makhleb
Nemelex Xobeh
Okawaru
Ru
Trog
Wu Jian
Zin
The Shining One

Shops:
D:4 ?


Innate Abilities, Weirdness & Mutations

You can be seen from farther away. (+LOS)
You can swim through water.
You cover ground slowly.
You can hop short distances.


Message History

Confirm with . or Enter, or press ? or * to list all spells.
Aiming: Freeze (safe; 1% risk of failure)
Press: ? - help, Shift-Dir - straight line, f - two-headed ogre
Aim: a two-headed ogre, wielding a +0 giant club and a +0 giant spiked club (lightly wounded)
You freeze the two-headed ogre!
The two-headed ogre is moderately wounded.
The two-headed ogre barely misses you. The two-headed ogre misses you.
Casting: Freeze (safe; 1% risk of failure)
Confirm with . or Enter, or press ? or * to list all spells.
A film of ice covers your body!
The two-headed ogre hits you but does no damage. x2
Unknown command.
You hit the two-headed ogre.
The two-headed ogre is heavily wounded.
The two-headed ogre hits you with a +0 giant club!
The two-headed ogre hits you but does no damage.
You hit the two-headed ogre.
The two-headed ogre is heavily wounded.
The two-headed ogre hits you with a +0 giant club!!
You die...

..<.# #.. ...........
#.. ...z.##..#. #..
...?.# # #.. .#....
.. .#..... #.###
.#...... #...
.#[...... #.O#######
#.#.##### #.@#<....#
#..#####'###
#..##......#
#..##......#
#..##......#
#.....)....#
#.................<.
...#........#+###.###
. #.....#.... ...


You could see a two-headed ogre.

Vanquished Creatures
  Pikel (D:7)
  Sigmund (D:5)
  An ice beast (D:5)
  2 sky beasts
  A phantom (D:7)
  2 black bears
  2 lemures (D:7)
  3 bullfrogs
  A scorpion (D:7)
  6 wights (D:7)
  2 howler monkeys (D:4)
  A centaur zombie (D:5)
  A hound (D:7)
  3 orc priests
  A centaur skeleton (D:7)
  A jelly (D:6)
  Crazy Yiuf (D:6)
  An iguana (D:5)
  An orc wizard (D:4)
  7 worker ants
  6 gnolls
  A howler monkey skeleton (D:7)
  8 adders
  A shadow imp (D:7)
  2 oozes
  An adder zombie (D:6)
  A dart slug (D:2)
  2 leopard geckos
  15 orcs
  2 bats
  3 giant cockroaches
  7 goblins
  6 hobgoblins
  7 jackals
  4 quokkas
  4 ball pythons
  7 frilled lizards
  14 kobolds
  9 rats
139 creatures vanquished.

Vanquished Creatures (collateral kills)
  A sky beast (D:7)
  A phantom (D:5)
  3 wights (D:7)
  2 bullfrog zombies (D:5)
  3 adder skeletons
10 creatures vanquished.

Grand Total: 149 creatures vanquished

Notes
Turn   | Place    | Note
-------+----------+-------------------------------------------
     0 | D:1      | bnorton916 the Barachi Ice Elementalist began the quest for
                  | the Orb.
     0 | D:1      | Reached XP level 1. HP: 13/13 MP: 3/3
   418 | D:1      | Reached skill level 5 in Ice Magic
   418 | D:1      | Reached XP level 2. HP: 19/19 MP: 1/5
  1015 | D:1      | Reached XP level 3. HP: 20/24 MP: 5/7
  1687 | D:2      | Learned a level 3 spell: Frozen Ramparts
  1691 | D:2      | Learned a level 3 spell: Ozocubu's Armour
  2525 | D:3      | Reached XP level 4. HP: 25/30 MP: 6/8
  2597 | D:3      | Found a white marble altar of Elyvilon.
  2608 | D:3      | Noticed a bullfrog
  2618 | D:3      | Killed a bullfrog
  2619 | D:3      | Reached XP level 5. HP: 17/35 MP: 2/10
  3087 | D:3      | Reached skill level 6 in Ice Magic
  3615 | D:3      | Found a glowing silver altar of Zin.
  3668 | D:3      | Found an ornate altar of the Wu Jian Council.
  3784 | D:3      | Found a snail-covered altar of Cheibriados.
  3788 | D:3      | Noticed a torpor snail
  3912 | D:3      | Became a worshipper of Cheibriados the Contemplative
  4009 | D:4      | Reached XP level 6. HP: 28/41 MP: 1/11
  4181 | D:4      | Got a bloodstained robe
  4243 | D:4      | Identified the +2 robe of Ofeliusoph {Dex+3} (You found it
                  | on level 4 of the Dungeon)
  4360 | D:4      | Reached * piety under Cheibriados
  4415 | D:4      | Found an iron altar of Okawaru.
  4590 | D:4      | Found Lahipy Onuil's Magic Scroll Shoppe.
  4634 | D:4      | Bought a scroll of magic mapping for 49 gold pieces
  4634 | D:4      | Bought a scroll of fear for 49 gold pieces
  5053 | D:4      | Found a blossoming altar of Fedhas.
  5063 | D:4      | Reached XP level 7. HP: 44/46 MP: 9/13
  5113 | D:4      | Reached skill level 7 in Ice Magic
  5323 | D:5      | Entered Level 5 of the Dungeon
  5333 | D:5      | Reached skill level 5 in Dodging
  5337 | D:5      | Noticed Sigmund
  5512 | D:4      | Learned a level 4 spell: Hailstorm
  5517 | D:4      | Learned a level 4 spell: Summon Ice Beast
  5552 | D:5      | Killed Sigmund
  5553 | D:5      | Reached skill level 1 in Conjurations
  5553 | D:5      | Reached skill level 1 in Summonings
  6040 | D:5      | Reached XP level 8. HP: 39/52 MP: 11/15
  6189 | D:5      | Found a glowing golden altar of the Shining One.
  6279 | D:5      | Reached ** piety under Cheibriados
  6280 | D:5      | Reached skill level 8 in Ice Magic
  6612 | D:5      | Found a staircase to the Ecumenical Temple.
  6618 | Temple   | Entered the Ecumenical Temple
  6758 | D:6      | Found a burning altar of Makhleb.
  6912 | D:6      | Found a sacrificial altar of Ru.
  7832 | D:6      | Found a runed translucent door.
  7833 | D:6      | Noticed Crazy Yiuf
  7840 | D:6      | Killed Crazy Yiuf
  8427 | D:7      | Reached skill level 1 in Armour
  8427 | D:7      | Reached skill level 5 in Summonings
  8605 | D:7      | Found an opulent altar of Gozag.
  8752 | D:7      | Reached *** piety under Cheibriados
  8832 | D:7      | Reached skill level 9 in Ice Magic
  8832 | D:7      | Reached XP level 9. HP: 56/57 MP: 2/16
  8833 | D:7      | Reached skill level 5 in Conjurations
  9439 | D:7      | Found a bloodstained altar of Trog.
  9627 | D:7      | Noticed Pikel
  9638 | D:7      | Killed Pikel
  9995 | D:8      | Noticed a two-headed ogre
 10003 | D:8      | Slain by a two-headed ogre

Illustrated notes

Levels and vault maps discovered:
D:1:      minmay_arrival_plants_in_alcoves, layout_loops_corners,
          amcnicky_mini_pool_small, minmay_pentomino_x2
D:2:      layout_basic
D:3:      wander_river, layout_loops_corners, zin_treasury, cheibriados_altar_2,
          general_overflow_altar, elyvilon_altar_5
D:4:      layout_gridville, kennysheep_little_box, okawaru_altar_gauntlet_db,
          serial_shops, shop, gup_sewer_entry_bowl, minmay_goblin_kobold_house
D:5:      layout_cave_pools, tso_metal_star,
          minmay_temple_entry_enclosed_plants, hangedman_decor_peaks_small,
          kennysheep_boxes, uniq_sigmund
D:6:      layout_basic, old_standard_altar, nicolae_ru_sacrificial_ziggurat,
          uniq_crazy_yiuf_cottage
D:7:      layout_basic, basic_altar,
          nicolae_gozag_cash_rules_everything_around_me, uniq_pikel
D:8:      layout_basic, dpeg_oklobed_lair, nicolae_island_escapes
Temple:   nicolae_temple_hex_pool

Skill      XL: |  1  2  3  4  5  6  7  8  9 |
---------------+----------------------------+-----
Ice Magic      | 5 6 7 9 |  9.7
Dodging        | 3 4 5 |  5.0
Spellcasting   | 3 4 |  4.7
Conjurations   | 2 4 6 |  6.0
Summonings     | 3 5 6 |  6.5
Armour         | 2 4 |  4.1
Stealth        | |  1.7

Action                   |  1- 3 |  4- 6 |  7- 9 || total
-------------------------+-------+-------+-------++-------
Melee: Unarmed           |     9 |       |       ||     9
       Short sword       |    42 |    24 |    88 ||   154
       Trident           |       |       |    59 ||    59
Throw: Stone             |       |       |     3 ||     3
 Cast: Freeze            |    38 |    34 |    25 ||    97
       Frozen Ramparts   |       |    17 |    26 ||    43
       Ozocubu's Armour  |       |     1 |     5 ||     6
       Summon Ice Beast  |       |       |    21 ||    21
  Use: Scroll            |       |    13 |     5 ||    18
 Stab: Sleeping          |     4 |       |     1 ||     5
       Distracted        |       |       |     3 ||     3
Armor: Robe              |    14 |     7 |    32 ||    53
Dodge: Dodged            |    63 |    73 |   178 ||   314
